Cogmind - Beta 16 @@@ ROGUE MODE // 2026.01.24 @ 09:48:46 Player: Roland Result: Destroyed by V0-XAC(g) with Salvaging Laser Performance ------------- Evolutions (0) 0 Regions Visited (4) 800 Robots Destroyed (2) 10 Value Destroyed (30) 30 Prototype IDs (0) 0 Alien Tech Used (0) 0 Bonus (0) 0 TOTAL SCORE: 840 Bonus ------- None Cogmind --------- Core Integrity 0/250 Matter 300/300 Energy 98/100 System Corruption 0% Temperature Cool (6) Movement Core (50) Location -8/Scraptown Parts ------- > --- POWER (1) -------- (None) > --- PROPULSION (2) --- (None) > --- UTILITY (2) ------ (None) > --- WEAPON (2) ------- (None) > --- INVENTORY (5) ---- Light Ion Engine Light Nuclear Core Scrap Shield Peak State ------------ > --- POWER ------------ Ion Engine > --- PROPULSION ------- Aluminum Leg Flexi-carbon Leg > --- UTILITY ---------- Cryofiber Web Advanced ECM Suite > --- WEAPON ----------- EM Pulse Gun Mining Laser > --- INVENTORY -------- Light Ion Engine Light Nuclear Core Scrap Shield [Rating: 16] Favorites ----------- Power Ion Engine Engine Ion Engine Propulsion Aluminum Leg Leg Aluminum Leg Utility Cryofiber Web Device Cryofiber Web Storage Small Storage Unit Weapon Mining Laser Energy Gun EM Pulse Gun Ballistic Gun Light Assault Rifle Special Weapon Mining Laser Build | -11 -10 -10 -10 -8 ------- Run | Yrd Mat Min Sub Scr Slots Evolved . | . . . . . Power . | . . . . . Propulsion . | . . . . . Utility . | . . . . . Weapon . | . . . . . Parts Attached 13 | 6 2 . 2 3 Power 1 | 1 . . . . Engine 1 | 1 . . . . Core . | . . . . . Reactor . | . . . . . Propulsion 3 | 2 . . . 1 Treads . | . . . . . Leg 3 | 2 . . . 1 Wheel . | . . . . . Hover . | . . . . . Flight . | . . . . . Utility 4 | 1 . . 1 2 Device 3 | . . . 1 2 Storage 1 | 1 . . . . Processor . | . . . . . Hackware . | . . . . . Protection . | . . . . . Artifact . | . . . . . Weapon 5 | 2 2 . 1 . Energy Gun 1 | 1 . . . . Energy Cannon . | . . . . . Ballistic Gun 1 | 1 . . . . Ballistic Cannon . | . . . . . Launcher . | . . . . . Special Weapon 3 | . 2 . 1 . Impact Weapon . | . . . . . Slashing Weapon . | . . . . . Piercing Weapon . | . . . . . Special Melee Weapon . | . . . . . Unidentified Prototypes . | . . . . . Parts Lost 8 | . . . 1 7 Power 1 | . . . . 1 Propulsion 2 | . . . . 2 Utility 2 | . . . . 2 Weapon 3 | . . . 1 2 Highest Loss Streak 7 | . . . 1 7 To Critical Strikes . | . . . . . Average Backups 3 | 1 2 3 4 3 Power 1 | 1 1 1 1 1 Propulsion . | . . . . . Utility . | . . . . 1 Weapon 1 | . 1 2 2 . Tool/Special . | . . . . . Unused Backups 3 | . . . . 3 Power 2 | . . . . 2 Propulsion . | . . . . . Utility 1 | . . . . 1 Weapon . | . . . . . Tool/Special . | . . . . . Average Slot Usage (%) 94 | . 85 85 90 98 Engine 14 | . 14 14 14 14 Leg 27 | . 28 28 28 27 Device 16 | . . . 4 26 Storage 6 | . 14 14 14 . Energy Gun 2 | . 7 . . 3 Special Weapon 24 | . 14 28 28 23 Peak Build Rating 16 | 6 6 6 10 16 Average Rating 9 | 4 6 6 7 11 On Entrance 5 | . 6 6 6 8 Avg Prop Armor Cover (%) 21 | 21 . . . . Naked Turns 3 | . . . . 3 Heaviest Build 15 | 13 13 12 15 14 Greatest Support 30 | 20 20 20 20 30 Greatest Overweight (x) 2 | 2 . . . 2 Average Overweight (x) . | . . . . . Largest Inventory Capacity 8 | 8 8 8 8 8 Average Capacity 6 | 6 8 8 8 5 Most Carried 7 | 5 3 3 7 6 Average Carried 4 | 1 2 3 5 4 Final Capacity 8 | 8 8 8 8 5 Final Carried 5 | 1 3 3 5 4 Class Distribution -------------------- 100% | Mutant Dominant Class ---------------- Mutant | -10/Materials Mutant | -10/Mines Mutant | -10/Subcaves Mutant | -8/Scraptown Resources | -11 -10 -10 -10 -8 ----------- Run | Yrd Mat Min Sub Scr Matter Collected 353 | 162 . . 141 50 Remotely . | . . . . . Salvage Created . | . . . . . Parts 1 | . . . 1 . Haulers Intercepted . | . . . . . Recyclers Shooed . | . . . . . Parts Field Recycled . | . . . . . Retrieved Matter . | . . . . . Parts Self-Destructed 12 | . . . 12 . Prevented . | . . . . . Parts Restored . | . . . . . Kills | -11 -10 -10 -10 -8 ------- Run | Yrd Mat Min Sub Scr Combat Hostiles Destroyed 2 | . . . 2 . Cannons 2 | . . . 2 . Classes Destroyed 1 | . . . 1 . Swarmer 2 | . . . 2 . Best Kill Streak 1 | . . . 1 . Combat Bots Only 1 | . . . 1 . Max Kills in Single Turn 1 | . . . 1 . Gunslinging . | . . . . . Exploded . | . . . . . Melee . | . . . . . Uniques/NPCs Destroyed . | . . . . . Combat | -11 -10 -10 -10 -8 -------- Run | Yrd Mat Min Sub Scr Hostile Shots Fired 73 | . 14 . 7 52 Missed 23 | . 5 . 1 17 Hits 50 | . 9 . 6 35 Melee 6 | . . . . 6 Projectile 44 | . 9 . 6 29 Critical Strikes 1 | . . . . 1 Damage Taken 762 | . 67 . 124 571 Core 256 | . . . 50 206 Absorbed by Shields . | . . . . . Core Remaining (%) 100 | 100 . . . . Volleys Fired 19 | . 3 5 10 1 Largest 2 | . 1 2 2 1 Hottest 200 | . 20 200 200 100 Shots Fired 27 | . 3 10 13 1 Gun 3 | . 3 . . . Cannon . | . . . . . Launcher . | . . . . . Special 24 | . . 10 13 1 Kinetic 3 | . 3 . . . Thermal 24 | . . 10 13 1 Explosive . | . . . . . Electromagnetic . | . . . . . Robot Hit Streak 2 | . 1 . 2 . Robot Miss Streak 6 | . 1 3 6 1 Penetration Max . | . . . . . Secondary Targets . | . . . . . Shots Hit Robots 4 | . 1 . 3 . Core Hits 3 | . . . 3 . Critical Kills . | . . . . . Critical Parts Destroyed . | . . . . . Critical Strikes . | . . . . . Melee Attacks . | . . . . . Impact . | . . . . . Slashing . | . . . . . Piercing . | . . . . . Sneak Attacks . | . . . . . Combat Hostiles . | . . . . . Follow-up Attacks . | . . . . . Damage Inflicted 89 | . 7 . 82 . Guns 7 | . 7 . . . Cannons . | . . . . . Explosions . | . . . . . Melee . | . . . . . Ramming . | . . . . . Kinetic 7 | . 7 . . . Thermal 82 | . . . 82 . Explosive . | . . . . . Electromagnetic . | . . . . . Impact . | . . . . . Slashing . | . . . . . Piercing . | . . . . . Highest Corruption . | . . . . . Average Corruption . | . . . . . Corruption Purged . | . . . . . Corruption Blocked . | . . . . . Overload Shots . | . . . . . Overflow Damage 4 | . . . 4 . Projectiles 4 | . . . 4 . Explosions . | . . . . . Melee . | . . . . . Knockbacks . | . . . . . Impact . | . . . . . Kinetic . | . . . . . Secondary . | . . . . . Self-Inflicted Damage . | . . . . . Shots . | . . . . . Rammed . | . . . . . Targets Rammed . | . . . . . Kicked . | . . . . . Crushed . | . . . . . Highest Temperature 130 | . . 130 4 . Average Temperature 48 | . . 50 3 . Received Heat Transfer 198 | . . . 18 180 Siege Activations . | . . . . . Martial Activations . | . . . . . Shielding Activations . | . . . . . Robots Disrupted 1 | . . . 1 . Combat Hostiles 1 | . . . 1 . Robots Corrupted . | . . . . . Combat Hostiles . | . . . . . Parts Fried . | . . . . . Impact Corruptions . | . . . . . Robots Melted . | . . . . . Combat Hostiles . | . . . . . Parts Melted . | . . . . . Heat Transferred 230 | . . . 230 . Parts Sabotaged . | . . . . . Parts Stolen . | . . . . . Parts Stripped . | . . . . . Power Chain Reactions . | . . . . . Alert | -11 -10 -10 -10 -8 ------- Run | Yrd Mat Min Sub Scr Maximum Alert Level . | . . . . . Low Security (%) 100 | 100 100 100 . . Level 1 . | . . . . . Level 2 . | . . . . . Level 3 . | . . . . . Level 4 . | . . . . . Level 5 . | . . . . . High Security . | . . . . . Max Security . | . . . . . Peak Influence 5 | . . 5 . . Initial . | . . . . . Average . | . . . . . Influence Increases 55 | . . 15 40 . Destroy 0b10 Robot/C 40 | . . . 40 . Disable Machine 15 | . . 15 . . Influence Decreases 55 | . . 15 40 . Time Decay 55 | . . 15 40 . Squads Dispatched 2 | . 2 . . . Investigation 1 | . 1 . . . Extermination . | . . . . . Reinforcement 1 | . 1 . . . Assault . | . . . . . Garrison . | . . . . . Intercept . | . . . . . Searches Triggered . | . . . . . Construction Impeded . | . . . . . Haulers Reinforced . | . . . . . Active Scanning Responses . | . . . . . Cargo Convoy Interrupts . | . . . . . Stealth | -11 -10 -10 -10 -8 --------- Run | Yrd Mat Min Sub Scr Distress Signals . | . . . . . Communications Jammed . | . . . . . Distress Signals . | . . . . . Times Spotted 21 | . 5 . 6 10 Peak Tracking Total 14 | . 4 . 3 14 Tactical Retreats . | . . . . . Traps | -11 -10 -10 -10 -8 ------- Run | Yrd Mat Min Sub Scr Traps Triggered 1 | . 1 . . . Indirectly . | . . . . . Trap Hack Attempts . | . . . . . Triggered . | . . . . . Disarmed . | . . . . . Reprogrammed . | . . . . . Reused . | . . . . . Traps Extracted . | . . . . . Installed . | . . . . . Triggered . | . . . . . Machines | -11 -10 -10 -10 -8 ---------- Run | Yrd Mat Min Sub Scr Machines Disabled 1 | . . 1 . . Max in Single Turn 1 | . . 1 . . Machines Repaired . | . . . . . Machines Dismantled . | . . . . . Machines Sabotaged . | . . . . . Overloaded Fab Kills . | . . . . . Hacking | -11 -10 -10 -10 -8 --------- Run | Yrd Mat Min Sub Scr Machines Accessed 3 | . 1 . . 2 Terminals 1 | . 1 . . . Fabricators . | . . . . . Repair Stations . | . . . . . Recycling Units . | . . . . . Scanalyzers . | . . . . . Garrison Access . | . . . . . Total Hacks 21 | . 3 . . 18 Successful 18 | . . . . 18 Failed 3 | . 3 . . . Catastrophic 1 | . 1 . . . Database Lockouts . | . . . . . Manual . | . . . . . Terminals 3 | . 3 . . . Fabricators . | . . . . . Repair Stations . | . . . . . Recycling Units . | . . . . . Scanalyzers . | . . . . . Garrison Access . | . . . . . Terminal Hacks 18 | . . . . 18 Record 18 | . . . . 18 Fabricator Hacks . | . . . . . Repair Station Hacks . | . . . . . Recycling Unit Hacks . | . . . . . Scanalyzer . | . . . . . Garrison Access Hacks . | . . . . . Unauthorized Hacks . | . . . . . Terminals . | . . . . . Fabricators . | . . . . . Repair Stations . | . . . . . Recycling Units . | . . . . . Scanalyzers . | . . . . . Garrison Access . | . . . . . Data Cores Recovered . | . . . . . Used . | . . . . . Hacking Detections 1 | . 1 . . . Full Trace Events . | . . . . . Feedback Events . | . . . . . Feedback Blocked . | . . . . . Robot Schematics Acquired . | . . . . . Robots Built . | . . . . . Authchips . | . . . . . Time . | . . . . . Total Robot Build Rating . | . . . . . Part Schematics Acquired . | . . . . . Parts Built . | . . . . . Authchips . | . . . . . Time . | . . . . . Total Part Build Rating . | . . . . . Part Studies Acquired . | . . . . . Parts Repaired . | . . . . . Time . | . . . . . Parts Recycled . | . . . . . Recycled Matter . | . . . . . Retrieved Matter . | . . . . . Retrieved Components . | . . . . . Parts Scanalyzed . | . . . . . Part Schematics Acquired . | . . . . . Parts Damaged . | . . . . . Bothacking | -11 -10 -10 -10 -8 ------------ Run | Yrd Mat Min Sub Scr Used RIF Installer . | . . . . . Robots Hacked . | . . . . . Non-combat . | . . . . . Combat . | . . . . . Robot Hacks Applied . | . . . . . Relay Couplers Released . | . . . . . Fabnet Peak Effective % . | . . . . . Robots Rewired . | . . . . . Allies Hacked . | . . . . . Hacks Repelled . | . . . . . Allies | -11 -10 -10 -10 -8 -------- Run | Yrd Mat Min Sub Scr Total Allies . | . . . . . Largest Group . | . . . . . Highest-Rated Group . | . . . . . Highest-Rated Ally . | . . . . . Total Orders . | . . . . . Ally Attacks . | . . . . . Total Damage . | . . . . . Kills . | . . . . . Allies Corrupted . | . . . . . Allies Melted . | . . . . . Intel | -11 -10 -10 -10 -8 ------- Run | Yrd Mat Min Sub Scr Active Infowar (turns) 304 | . . . 119 185 Optics 304 | . . . 119 185 Robot Analysis Total . | . . . . . Derelict Logs Recovered 2 | . . . 2 . Drone Launches . | . . . . . Drone Recoveries . | . . . . . Exploration | -11 -10 -10 -10 -8 ------------- Run | Yrd Mat Min Sub Scr Turns Passed 1627 | 61 104 165 348 949 Spaces Moved 1247 | 38 79 108 245 777 Core 28 | 16 . . . 12 Treads . | . . . . . Legs 1219 | 22 79 108 245 765 Wheels . | . . . . . Hover . | . . . . . Flight . | . . . . . Fastest Speed 50 | 50 120 120 120 50 Average Speed 119 | 108 120 120 120 119 Slowest Speed 150 | 150 120 120 120 150 Overloaded Moves . | . . . . . Propulsion Burnouts . | . . . . . Robots Hopped . | . . . . . Potential Cave-ins . | . . . . . Cave-ins Triggered . | . . . . . Exploration Rate (%) 24 | 3 16 25 21 56 Regions Visited 4 Branch Regions 3 Pre-discovered Areas 1 | . . . . 1 Known Exits Taken . | . . . . . Unknown Exits Taken 4 | 1 1 1 1 . Scrap Searched 8 | . . . 3 5 Spaces Dug . | . . . . . Terrain Destroyed 2 | . . 1 . 1 Melee . | . . . . . Projectile 2 | . . 1 . 1 AOE . | . . . . . Terrain Rammed . | . . . . . Walls Destroyed . | . . . . . Machines Disabled . | . . . . . Actions | -11 -10 -10 -10 -8 --------- Run | Yrd Mat Min Sub Scr Total 1315 | 57 85 113 263 797 Wait 18 | 7 . 1 3 7 Move 1243 | 37 78 107 244 777 Hop . | . . . . . Pick Up 16 | 7 2 . 3 4 Fast Attach . | . . . . . Attach 10 | 6 . . 2 2 Detach . | . . . . . Swap 5 | . 2 . 1 2 Drop 4 | . . . . 4 Fire 19 | . 3 5 10 1 Melee . | . . . . . Ram . | . . . . . Kick . | . . . . . Crush . | . . . . . Escape Stasis . | . . . . . Rewire . | . . . . . Trap . | . . . . . Miscellaneous . | . . . . . Route ------- -11/Scrapyard -10/Materials -10/Mines -10/Subcaves (discovered 2 exits: [*Mat] / *Scr) -8/Scraptown (discovered 1 exit: [*Fac]) History --------- Turn | Location | Event 9 | -11/Scrapyard | Discovered new exit (range 16) 62 | -11/Scrapyard | Entered Materials 76 | -10/Materials | Discovered new exit (range 15) 166 | -10/Materials | Entered Mines 242 | -10/Mines | Met a Derelict bent on vengeance 303 | -10/Mines | Build established: Mutant 318 | -10/Mines | Discovered new exit (range 5) 331 | -10/Mines | Entered Subcaves 332 | -10/Subcaves | Approached by a straggling Scientist 393 | -10/Subcaves | Discovered new exit (range 11) 585 | -10/Subcaves | Learned location of 1 exit from Materials 586 | -10/Subcaves | Learned 4 Materials zone layouts 610 | -10/Subcaves | Shifting Twisted Machinery released Sub. Optics 679 | -10/Subcaves | Entered Scraptown 1023 | -8/Scraptown | Heard Great Nut preacher, LISTEN AND RECITE! 1035 | -8/Scraptown | Discovered new exit (range 11) 1120 | -8/Scraptown | Visited Cyclists 1166 | -8/Scraptown | Visited Cave Peace 1226 | -8/Scraptown | Learned location of Extension (-5) 1512 | -8/Scraptown | Visited UFD Registry 1522 | -8/Scraptown | Visited Bundlers 1601 | -8/Scraptown | Visited Science Testing Area 1603 | -8/Scraptown | Attacked by Scraptown defenders 1625 | -8/Scraptown | Core integrity fell below 50% 1628 | -8/Scraptown | Core integrity fell below 20% 1628 | -8/Scraptown | Destroyed by V0-XAC(g) with Salvaging Laser Last Messages --------------- now my job is to make Derelicts happy! MX-MUS(k): I love Scrap. Searching scrap... Found Lrg. Storage Unit. Found Imp. Weapon Shielding. Found Lrg. Matter Pod. Found Humpback. Found 37 Matter. LOCAL NARROWCAST: Science Testing Area. NO EXPLOSIVES TESTING ALLOWED. ANNOUNCEMENT: Intruder alert! Defend Scraptown! Mining Laser destroyed. Aluminum Leg destroyed. EM Pulse Gun destroyed. Flexi-carbon Leg destroyed. Adv. ECM Suite destroyed. IW-VEN(j) overheating. Cryofiber Web destroyed. Ion Engine destroyed. IW-VEN(j) overheating. Map ----- +----------------------------------------------------+ | "" "#???#"" ""#???????# #?#" """ " | | "#???#"" ""#???????# #?#" "#" "" " | | """###?#""" ""#???????# #?#" """ "#" " " | | #?#"" ""#??????## ###" "#" " | | ###""" """######## ##"""""" ""#"" """""" | | | | ! | | | | ###### ########### ##########"" """"#### | | ###### ######????## ##????????#" "#??? | | #""""" """""#####?# #########?#" ""#??? | | #" " " #?# """"""""#?#" """#??? | | """ ""#" " " "### ### " ""#?#" """#??? | | """ "#" " " "#"" """ E "#?#"""""""#??? | | """ "#""""" """""#" """ " ""#?#######????? | | "" "###### ######" " """"""""#????????????? | | ? "#""""" """""#" ##"""####????????????? | | ?"" ""#" " " "#" "" " ######???????????????? | | ?## ###" " " "#" " g ## ???????????######## | | ??# " " "#"""""" ## | ?????????# | | ??#####""""" """""####### c ## """????????# | | #?????###### ######?????# ## ||| #??????# | | ############ ############ ## """"#??????# | | ## || #?????## | | ## """"#?????#" | | #########################@ ## || #??????# | | #??????????????????????#r p## ????????# | | #######?????#????######## ### #######"##"# ##### | | """"""#?????#X???#""" # r p | | "#????##X ??# # x | | !! "#????#" ## # o | | = "#????#" | | ! "#????#""" ## # | | !| "#????###???# # ################# | | ]! "#??????????# # o#???????????????# | | [ "#??????????# # #???????????????# | | ! "#??????????# # ################# | | """ ""#??????????#"X" # ## =!#""" """ # | | ### ###??????????###### ##=] [#"$" "$" # | | ### ###???????????????# ##] =# # | | """ ""#???????????????# ## ]=/# # | | "#???????????????# #?![[ # # | | "" "#???????????????# ####!## # | | "" "#??????########## ##""! # | | "#??????# # ##"%! # | | ""#??????# """ ##""! | | """""#??????# """" # ## !!= # | | """"""#??????# X""" # ##" "%!" # | | """"""#??????# """" # ##"" "" """" " # | | ######???????# """ # ################# | +----------------------------------------------------+ Best States ------------- Heat Dissipation 25 Energy Generation 10 Energy Capacity 250 Matter Stores 300 Matter Capacity 300 Sight Range 21 Terrain Scan Density 10 Base Temperature (-) 100 Evasion (%) 55 Item Schematics ----------------- None Robot Schematics ------------------ None Fabricated ------------ Nothing Repaired ---------- Nothing Studied --------- None Alien Tech Used ----------------- None Achievements -------------- None Challenges ------------ None Game ------ Seed TerrorVisualTendrils Manual? 0 Play Time 00:21:53 Cumulative 12.1 hours Start 2026.01.24 @ 09:30:19 End 2026.01.24 @ 09:48:46 Sessions 1 Manual Loads 0 Difficulty Rogue Special Mode None Game No. 12 Rogue 7 Adventurer 0 Explorer 5 Win Type - Total 0 Types 0/0/0/0/0/0/0/0/0/0 Lore% 23 Gallery% 16 Achievement% 16 Wizard Run 0 Options --------- Layout 1 ASCII 0 Keyboard 0 Movement Numpad Keybinds 0 Fullscreen 1 Font 48/Smallcaps Map View 50x35 Zoom Use 0% Tactical HUD 0 Map Filters NONE Filters NONE Steam 1 RUN: c1b06cc9-cf19-4c70-a245-e93b7c9c9a59